Croesus, chaotic female elven Ranger ---------- |.@@%.)... ..d..)...| |......... --.------- Croesus the Trailblazer Experience level: 7 Strength: 14 Dexterity: 14 Constitution: 15 Intelligence: 14 Wisdom: 13 Charisma: 8 Health: 0(76) Energy: 76(76) Def: 12 Gold: 0 Moves: 4998 Dungeon seed: x29e55EOA-6EQb8Q Game ID: Croesus_1561460243 Your Inventory: Amulets h - a cursed amulet of strangulation named cursed Weapons a - an uncursed +0 elven arrow c - 27 uncursed +2 elven arrows (in quiver) d - an uncursed +1 elven dagger (alternate weapon; not wielded) e - a blessed +1 elven bow (weapon in hand) v - an uncursed +0 dagger x - a blessed +0 orcish dagger C - 5 uncursed +1 daggers E - 3 uncursed +0 orcish daggers M - 5 uncursed +2 arrows O - 14 uncursed +0 arrows Armor r - an uncursed +0 chain mail (being worn) z - an uncursed +1 pair of iron shoes (being worn) N - an uncursed +0 cloak of protection (being worn) R - an uncursed +0 pair of gauntlets of dexterity (being worn) Y - an uncursed +0 mummy wrapping Z - an uncursed +2 elven cloak Comestibles f - 2 uncursed lembas wafers g - an uncursed lichen corpse i - 2 uncursed food rations k - an uncursed carrot S - an uncursed pear X - an uncursed mango Scrolls j - an uncursed scroll of remove curse Tools b - an uncursed sack u - an uncursed +0 unicorn horn Contents of the sack: an uncursed scroll of blank paper an uncursed scroll of enchant weapon 2 uncursed scrolls of identify an uncursed scroll of magic mapping a blessed scroll of teleportation an uncursed potion of confusion an uncursed potion of enlightenment an uncursed potion of extra healing an uncursed potion of fruit juice a cursed potion of full healing 2 uncursed potions of object detection a cursed potion of object detection an uncursed potion of water an uncursed garnet stone an uncursed worthless piece of blue glass an uncursed worthless piece of orange glass an uncursed worthless piece of red glass an uncursed worthless piece of violet glass 1093 gold pieces Spells and supernatural/magical abilities: Name Level Category Cost Memory D - drain life 2 attack 2000pw 98% W - pray for help -- divine ? -- Your skills at the end: Fighting Skills wands [Basic] Weapon Skills dagger [Skilled] bow [Skilled] Spellcasting Skills Final Attributes: You were piously aligned. You were immune to sleep. You were poison resistant. You saw invisible. You had automatic searching. You had infravision. You were stealthy. You were protected. Mars was noncommittal. You are dead. Vanquished creatures: a baby orange dragon 3 small mimics 3 soldiers a lynx a leprechaun 2 iron piercers an orc mummy a gray unicorn a rope golem a soldier ant a fire ant a wood nymph a mountain nymph 2 rock moles 2 ponies a fog cloud 3 yellow lights 2 violet fungi a gnome lord a kobold mummy a black naga hatchling 9 elf zombies a paper golem 2 giant ants 3 kittens a dwarf 11 hill orcs a rothe a rabid rat 4 orc zombies a dwarf zombie 2 iguanas an acid blob a gas spore a hobbit 6 manes a hobgoblin 7 giant rats a yellow mold 2 red molds 2 gnome zombies 10 geckos 9 jackals a goblin 5 sewer rats 11 grid bugs 5 bats 4 lichens 2 kobold zombies 5 newts 141 creatures vanquished. Voluntary challenges: You were an atheist. You used a wielded weapon 139 times, starting on turn 295. You read items or engraved 3 times, starting on turn 3647. You never genocided any monsters. You never polymorphed an object. You never changed form. You used no wishes. You never split a pudding. You wrote Elbereth's name 1 time, starting on turn 4685. You never violated your personal moral code. Dungeon overview: The Dungeons of Doom: levels 1 to 10 Level 1 a sink, a vault a long staircase Level 2 a vault Level 3 some fountains a long staircase Level 4 a sink Level 5 a weapon shop, a fountain, a vault Level 6 a vault Level 7 a general store, a fountain, a vault Level 8 many fountains Level 9 a fountain, a vault a long staircase Level 10 <- You were here History has recorded: On T:1 you entered the Dungeons of Doom to retrieve the Amulet of Yendor! On T:495 you reached level 2 of The Dungeons of Doom. On T:605 you reached level 3 of The Dungeons of Doom. On T:1094 you reached level 4 of The Dungeons of Doom. On T:1752 you reached level 5 of The Dungeons of Doom. On T:1890 you advanced to experience level 2. On T:2077 you advanced to experience level 3. On T:2206 you advanced to experience level 4. On T:2503 you reached level 6 of The Dungeons of Doom. On T:2542 you advanced to experience level 5. On T:2687 you reached level 7 of The Dungeons of Doom. On T:3139 you advanced to experience level 6. On T:3538 you reached level 8 of The Dungeons of Doom. On T:4740 you advanced to experience level 7. On T:4758 you reached level 9 of The Dungeons of Doom. On T:4977 you reached level 10 of The Dungeons of Doom. Score breakdown: Gold: 1093 (10337 points) Experience: 7 levels (13645 points) Exploration: 10 levels ( 21.74%) (13416 points) Discoveries: 4 items ( 1.36%) ( 3493 points) Valuables value: (no points given unless you survive) Artifact value: 0 ( 0 points) Variety of kills: 50 monsters ( 13.16%) (10882 points) Turncount: 4998 turns (-1354 points) Survival: died (score multiplied by 80%) Total score: 40335 Latest messages: The soldier hits Sirius. Sirius bites the soldier. The soldier is killed! [2 turns] The soldier thrusts his short sword at Sirius. The soldier misses Sirius. Sirius bites the soldier. The soldier thrusts his short sword at Sirius. The soldier misses Sirius. You have a little trouble lifting c - 2 uncursed +2 elven arrows (in quiver). Sirius bites the soldier. The soldier thrusts his short sword at Sirius. The soldier hits Sirius. Sirius picks up an uncursed +2 elven arrow. The soldier picks up 4 uncursed +2 elven arrows from the floor. [2 turns] You hear a crunching sound. You shoot 4 elven arrows. The 1st elven arrow hits the soldier! The 2nd elven arrow hits the soldier! The 3rd elven arrow hits the soldier! The 4th elven arrow hits the soldier! The soldier thrusts his short sword at you. The soldier hits! You die... Final status: Goodbye Croesus the Ranger, killed by a soldier... You died in The Dungeons of Doom on dungeon level 10 with 40335 points, and 1093 pieces of gold, after 4998 moves. You were level 7 with a maximum of 76 hit points when you died.